 Dungeon Crawl Stone Soup version 0.27.0-1-g7a089689b8 (webtiles) character file.

Game seed: 5574713403622363922

417 graki42 the Magician (level 6, -3/32 HPs)
             Began as a Deep Elf Fire Elementalist on Aug 13, 2021.
             Slain by Duvessa (5 damage)
             ... on level 4 of the Dungeon.
             The game lasted 00:11:32 (3736 turns).

graki42 the Magician (Deep Elf Fire Elementalist)   Turns: 3736, Time: 00:11:32

Health: -3/32      AC:  4    Str:  7    XL:     6   Next: 61%
Magic:  9/16       EV: 13    Int: 20    God:
Gold:   189        SH:  0    Dex: 15    Spells: 0/16 levels left

rFire    . . .     SeeInvis .   h - +0 spear (venom)
rCold    . . .     Faith    .   (no shield)
rNeg     . . .     Spirit   .   a - +0 robe
rPois    .         Reflect  .   (no helmet)
rElec    .         Harm     .   j - +1 cloak
rCorr    .         Rampage  .   (no gloves)
Will     .....                  (no boots)
Stlth    ++........             (no amulet)
HPRegen  0.10/turn              (no ring)
MPRegen  0.15/turn              (no ring)

@: no status effects
A: no striking features
a: no special abilities


You were on level 4 of the Dungeon.
You visited 1 branch of the dungeon, and saw 4 of its levels.

You collected 189 gold pieces.

Inventory:

Hand Weapons
 h - a +0 spear of venom (weapon)
Armour
 a - a +0 robe (worn)
 j - a +1 cloak (worn)
Jewellery
 q - an amulet of faith
Wands
 o - a wand of polymorph (7)
Scrolls
 d - 2 scrolls of holy word {unknown}
 e - 2 scrolls of fear {unknown}
 k - a scroll of vulnerability {unknown}
 n - a scroll of enchant weapon {unknown}
 p - a scroll of identify {unknown}
 r - a scroll of noise {unknown}
Potions
 b - 2 potions of heal wounds {unknown}
 c - a potion of haste {unknown}
 f - a potion of brilliance {unknown}
 i - 2 potions of flight {unknown}
 l - 2 potions of curing {unknown}
 m - a potion of mutation {unknown}


   Skills:
 - Level 3.0 Dodging
 - Level 3.0 Stealth
 + Level 5.9 Spellcasting
 + Level 3.9 Conjurations
 + Level 5.3 Fire Magic


You couldn't memorise any spells.
You knew the following spells:

 Your Spells              Type           Power      Damage    Failure   Level
a - Foxfire               Conj/Fire      96%        2x1d8     1%          1
b - Conjure Flame         Conj/Fire      24%        6-21      4%          3
c - Inner Flame           Hex/Fire       16%        N/A       11%         3
d - Sticky Flame          Conj/Fire      24%        2d5       16%         4
e - Fireball              Conj/Fire      12%        3d7       41%         5

Your spell library contained the following spells:

 Spells                   Type           Power      Damage    Failure   Level
 Corona                   Hex            5%         N/A       11%         1
 Dazzling Flash           Conj/Hex       26%        N/A       14%         3
 Ensorcelled Hibernation  Hex/Ice        10%        N/A       16%         2
 Slow                     Hex            5%         N/A       16%         2
 Confusing Touch          Hex            5%         N/A       32%         3
 Tukima's Dance           Hex            5%         N/A       32%         3
 Vampiric Draining        Necr           2%         2d6       32%         3
 Agony                    Necr           5%         N/A       96%         5
 Silence                  Hex/Air        2%         N/A       96%         5


Dungeon Overview and Level Annotations

Branches:
Dungeon (4/15)
 Temple: D:4-7

Altars:
Ashenzari
Fedhas

Annotations:
D:4 Duvessa


Message History

The fire ignites!
Casting: Conjure Flame (dangerous; 4% risk of failure)
Confirm with . or Enter, or press ? or * to list all spells.
You conjure some foxfire!
Casting: Foxfire (safe; 1% risk of failure)
Confirm with . or Enter, or press ? or * to list all spells.
There is not enough space to conjure foxfire!
Unknown command.
The foxfire hits Duvessa but does no damage.
Duvessa is engulfed in blazing flames.
Duvessa barely misses you.
Casting: Foxfire (safe; 1% risk of failure)
Confirm with . or Enter, or press ? or * to list all spells.
The spell is extremely dangerous to cast (16% risk of failure)!
Continue anyway?
Aiming: Sticky Flame (extremely dangerous; 16% risk of failure)
Press: ? - help, Shift-Dir - straight line, f - Duvessa
Aim: Duvessa, wielding a +0 rapier and wearing a +1 chain mail of fire resistance (flame, lightly wounded, berserk, ally target, 100% to hit)
The sticky flame hits Duvessa.
Duvessa resists.
Duvessa is lightly wounded.
Duvessa is covered in liquid flames!
Duvessa burns!
Duvessa hits you with a +0 rapier!
Unknown command.
Okay, then.
Duvessa burns!
Duvessa is engulfed in blazing flames.
Duvessa hits you with a +0 rapier!
Duvessa is engulfed in blazing flames.
Duvessa misses you.
Unknown command.
Duvessa stops burning.
Duvessa is engulfed in blazing flames.
Duvessa hits you with a +0 rapier!
* * * LOW HITPOINT WARNING * * *
Unknown command.
As you read the scroll labelled TAEMITU BOWIALU, it crumbles to dust.
It is a scroll of enchant armour.
Your +0 cloak glows green for a moment.
Duvessa is engulfed in blazing flames.
Duvessa closely misses you.
Duvessa is engulfed in blazing flames.
Duvessa hits you with a +0 rapier.
* * * LOW HITPOINT WARNING * * *
Okay, then.
Your foxfire dissipates!
Duvessa hits you with a +0 rapier.
You die...

#......# #.##...#.############
#####..######.............#
.................#.#.###..#
#############....#.######.#
.................#.#....#+#....
###########.#......#....#_#...e
....# #.#...##.#....###....
###.#######.#...####......)...#
............#...@e...........
###.#########.#.#######....ยง
#.# #.#.########.### #.#
#.#..........# #.#
#.############ #.# #.# #.# #.#
#.#########.# #...........#


You could see Duvessa (berserk).

Vanquished Creatures
  Dowan (D:4)
  A hound (D:4)
  An orc priest (D:3)
  A centaur skeleton (D:3)
  An iguana (D:4)
  Natasha (thrice) (D:3)
  8 gnolls (D:3)
  3 adders
  A white imp (D:3)
  An adder skeleton (D:4)
  2 worms
  A dart slug (D:4)
  6 orcs
  2 ball pythons (D:4)
  5 endoplasms
  A giant cockroach (D:2)
  4 goblins
  8 hobgoblins
  3 jackals (D:1)
  A quokka (D:4)
  4 bats
  3 frilled lizards
  5 kobolds
  3 rats
69 creatures vanquished.

Vanquished Creatures (collateral kills)
  2 foxfires (D:3)
2 creatures vanquished.

Vanquished Creatures (others)
  257 foxfires
  A fungus (D:3)
  8 plants (D:3)
266 creatures vanquished.

Grand Total: 337 creatures vanquished

Notes
Turn   | Place    | Note
-------+----------+-------------------------------------------
     0 | D:1      | graki42 the Deep Elf Fire Elementalist began the quest for
                  | the Orb.
     0 | D:1      | Reached XP level 1. HP: 10/10 MP: 6/6
   179 | D:1      | Reached XP level 2. HP: 15/15 MP: 5/8
   683 | D:2      | Reached XP level 3. HP: 19/19 MP: 3/10
   687 | D:2      | Learned a level 3 spell: Conjure Flame
   691 | D:2      | Learned a level 3 spell: Inner Flame
  1027 | D:2      | Found a blossoming altar of Fedhas.
  1513 | D:3      | Reached XP level 4. HP: 24/24 MP: 6/12
  1772 | D:3      | Learned a level 4 spell: Sticky Flame
  1829 | D:3      | Found a faded altar of an unknown god.
  1948 | D:3      | Reached XP level 5. HP: 28/28 MP: 9/14
  1982 | D:3      | HP: 1/28 [gnoll (4)]
  1999 | D:3      | Reached skill level 5 in Spellcasting
  2334 | D:3      | Noticed Natasha
  2354 | D:3      | Killed Natasha
  2515 | D:3      | Noticed Natasha
  2520 | D:3      | Killed Natasha
  2606 | D:3      | Noticed Natasha
  2611 | D:3      | Killed Natasha
  2612 | D:3      | Reached skill level 5 in Fire Magic
  2612 | D:3      | Reached XP level 6. HP: 32/32 MP: 12/16
  3145 | D:4      | Found a broken altar of Ashenzari.
  3145 | D:4      | Noticed Duvessa
  3145 | D:4      | Noticed Dowan
  3474 | D:4      | Learned a level 5 spell: Fireball
  3686 | D:4      | Killed Dowan
  3734 | D:4      | HP: 1/32 [Duvessa (2)]
  3736 | D:4      | Slain by Duvessa

Illustrated notes

Levels and vault maps discovered:
D:1:      onia_arrival_pentagram, layout_rooms
D:2:      layout_loops_ring, basic_altar
D:3:      layout_rooms, shapermc_ecumenical_altar_mp_urbaneastern, uniq_natasha
D:4:      layout_basic, ashenzari_conservatory_becter, uniq_duvessa

Skill      XL: |  1  2  3  4  5 |
---------------+----------------+-----
Dodging        | 3 |  3.0
Stealth        | 3 |  3.0
Spellcasting   | 4 5 |  5.9
Fire Magic     | 4 5 |  5.3
Conjurations   | 2 3 |  3.9

Action                   |  1- 3 |  4- 6 || total
-------------------------+-------+-------++-------
Melee: Dagger            |     4 |     1 ||     5
       Spear             |       |     3 ||     3
 Cast: Foxfire           |    51 |   102 ||   153
       Conjure Flame     |       |     1 ||     1
       Sticky Flame      |       |     1 ||     1
  Use: Potion            |       |     1 ||     1
       Scroll            |       |     1 ||     1
 Stab: Sleeping          |     2 |       ||     2
Armor: Robe              |     7 |       ||     7
Dodge: Dodged            |    11 |    11 ||    22
